 Dungeon Crawl Stone Soup version 0.17.1-3-g152610e (webtiles) character file.

18 inmateoo the Chucker (level 2, 0/28 HPs)
             Began as an Ogre Arcane Marksman on Mar 23, 2016.
             Killed from afar by an orc wizard (11 damage)
             ... with a puff of flame
             ... on level 1 of the Dungeon.
             The game lasted 00:03:14 (1163 turns).

inmateoo the Chucker (Ogre Arcane Marksman)         Turns: 1163, Time: 00:03:14

Health: 0/28       AC:  3    Str: 15    XL:     2   Next: 70%
Magic:  3/3        EV: 10    Int: 12    God:
Gold:   32         SH:  0    Dex:  9    Spells: 1 memorised, 2 levels left

rFire  . . .     SeeInvis .     h - +0 club
rCold  . . .     Clarity  .     a - +0 robe
rNeg   . . .     SustAt   .     (no shield)
rPois  .         Gourm    .     (helmet restricted)
rElec  .         Spirit   .     (no cloak)
rCorr  .         Warding  .     (gloves unavailable)
rMut   .         Stasis   .     (boots unavailable)
MR     .....                    (no amulet)
Stlth  +.........               (no ring)
                                (no ring)

@: not resistant to hostile enchantments, very unstealthy
A: unfitting armour, tough skin 1
a: no special abilities


You were on level 1 of the Dungeon.
You were not hungry.

You visited 1 branch of the dungeon, and saw 1 of its levels.

You collected 32 gold pieces.

Inventory:

Hand Weapons
 h - a +0 club (weapon)
Missiles
 c - a large rock (quivered)
 d - a throwing net
Armour
 a - a +0 robe (worn)
Jewellery
 k - an uncursed amulet of faith {unknown}
Scrolls
 f - 3 scrolls of remove curse {unknown}
 g - a scroll of enchant armour {unknown}
 m - a scroll of immolation {unknown}
Potions
 i - a potion of haste {unknown}
Books
 b - a book of Debilitation

   Spells                             Type                      Level
   a - Corona                         Hexes                        1
   b - Slow                           Hexes                        2
   c - Gell's Gravitas                Hexes/Translocation          3
   d - Inner Flame                    Hexes/Fire                   3
   e - Cause Fear                     Hexes                        4
   f - Leda's Liquefaction            Hexes/Earth                  4
Comestibles
 e - a bread ration
 j - 4 fruits
 l - 2 chunks of flesh


   Skills:
 + Level 2.1 Fighting
 * Level 0.3 Maces & Flails
 + Level 2.3 Throwing
 + Level 2.2 Dodging
 - Level 1.2 Spellcasting
 - Level 2.1 Hexes


You had 2 spell levels left.
You knew the following spells:

 Your Spells              Type           Power        Failure   Level  Hunger
a - Corona                Hex            #......      14%         1    ##.....


Dungeon Overview and Level Annotations

Branches:
Dungeon (1/15)

Altars:


Innate Abilities, Weirdness & Mutations

You are too large for most types of armour.
You have tough skin (AC +1).


Message History

Press: ? - help, Shift-Dir - straight line, f/p - orc wizard
Aim: an orc wizard, wielding a dagger and wearing a robe You throw a large rock.
The large rock hits the orc wizard!
The orc wizard is almost dead.
The orc wizard gestures wildly while chanting.
The orc wizard flickers and vanishes!
Deactivating autopickup; reactivate with Ctrl-A.
Fire/throw which item? (* to show all) (? for menu, Esc to quit)
Press: ? - help, Shift-Dir - straight line You throw a throwing net.
Something hits you but does no damage.
You barely miss something.
You hear some strange, mumbled words.
A puff of flame appears from out of thin air!
The puff of flame hits you!
You barely miss something. Something hits you but does no damage.
A magic dart appears from out of thin air!
The magic dart hits you!
A puff of flame appears from out of thin air!
The puff of flame hits you!
You die...

#.....##.#.##≈≈P..8..P≈≈##>...
########.#.#≈≈≈.......≈≈≈#....
#.#.#≈P.8..<..8.P≈#....
#...#≈≈≈.......≈≈≈#....
###.##≈≈P..8..P≈≈##..†.
#..##≈≈≈.P.≈≈≈##.....
##..##≈≈≈≈≈≈≈##...#..
##...#########....###
######...@......((....(#
######.......####.#.....#.#.##
#......####.## #............##
#......###..# #######.......>
#......##...####### ##......#
#.................# ##.##...
#########...#####.#### #......
##### #....# ###.... ####.#
##)...


There were no monsters in sight!

Vanquished Creatures
  An ooze (D:1)
  An orc (D:1)
  2 hobgoblins (D:1)
  A giant cockroach (D:1)
  A giant gecko (D:1)
  A giant newt (D:1)
  3 goblins (D:1)
  2 kobolds (D:1)
  5 rats (D:1)
17 creatures vanquished.

Notes
Turn   | Place    | Note
--------------------------------------------------------------
     0 | D:1      | inmateoo the Ogre Arcane Marksman began the quest for the Orb.
     0 | D:1      | Reached XP level 1. HP: 19/19 MP: 2/2
   597 | D:1      | Reached XP level 2. HP: 11/28 MP: 3/3
  1163 | D:1      | Killed from afar by an orc wizard

Action                   || total
-------------------------++-------
Melee: Unarmed           ||    32
       Club              ||    50
Throw: Large rock        ||     3
       Throwing net      ||     1
 Cast: Corona            ||     1
  Eat: Chunk             ||     1
